 Dungeon Crawl Stone Soup version 0.28.0-53-g5a82cb258f (webtiles) character file.

Game seed: 3707662641115034416

13197 Jerry the Basher (level 11, -5/93 HPs)
             Began as a Troll Hunter on July 1, 2022.
             Was an Initiate of Gozag.
             Shot with a bolt by an orc warlord (29 damage)
             ... on level 1 of the Orcish Mines.
             The game lasted 00:55:47 (11481 turns).

Jerry the Basher (Troll Hunter)                    Turns: 11481, Time: 00:55:47

Health: -5/93      AC: 10    Str: 22    XL:     11   Next: 72%
Magic:  0/10       EV: 17    Int:  7    God:    Gozag
Gold:   1517       SH:  0    Dex: 12    Spells: 10/10 levels left

rFire   + . .      SeeInvis +   i - +2 great mace (protect)
rCold   . . .      Faith    .   (shield currently unavailable)
rNeg    . . .      Spirit   +   N - +2 robe {rF+}
rPois   .          Reflect  .   b - +1 hat {SInv}
rElec   .          Harm     .   C - +2 cloak {rCorr}
rCorr   +          Rampage  .   (gloves unavailable)
Will    .....                   (boots unavailable)
Stlth   +.........              e - amulet of guardian spirit
HPRegen 1.05/turn               K - ring of see invisible
MPRegen 0.12/turn               M - +4 ring of evasion

@: mighty, gold aura
A: large, unfitting armour, claws 3, regeneration 1, shaggy fur 1, tough skin 1,
clumsy 1
a: Renounce Religion, Potion Petition, Call Merchant, Bribe Branch


You were on level 1 of the Orcish Mines.
You worshipped Gozag.
Gozag was most pleased with you.
You visited 3 branches of the dungeon, and saw 12 of its levels.
You also visited: Ossuary.

You collected 2492 gold pieces.
You spent 157 gold pieces at shops.
You paid 818 gold pieces to Gozag.

Inventory:

Hand Weapons
 i - a +2 great mace of protection (weapon)
 r - a +0 giant spiked club of protection
 s - a +1 whip of electrocution
Missiles
 c - a large rock (quivered)
 d - 2 throwing nets
Armour
 b - a +1 hat of see invisible (worn)
 C - a +2 cloak of preservation (worn)
 N - a +2 robe of fire resistance (worn)
Jewellery
 e - an amulet of guardian spirit (around neck)
 v - a +6 ring of intelligence
 K - a ring of see invisible (left claw)
 M - a +4 ring of evasion (right claw)
Wands
 a - a wand of acid (6)
 j - a wand of iceblast (4)
 p - a wand of charming (22)
 u - a wand of flame (58)
 w - a wand of digging (7)
Scrolls
 f - 5 scrolls of teleportation
 l - 5 scrolls of identify
 m - 3 scrolls of magic mapping
 t - a scroll of fear
 x - 2 scrolls of enchant armour
 y - 2 scrolls of amnesia {unknown}
 z - a scroll of fog {unknown}
 I - 4 scrolls of immolation
 L - 3 scrolls of enchant weapon
Potions
 g - a potion of ambrosia
 h - 5 potions of curing
 k - 2 potions of might
 n - 4 potions of flight
 o - 3 potions of heal wounds
 q - 2 potions of lignification
 A - 2 potions of magic {unknown}
 B - a potion of mutation
 D - 2 potions of cancellation
 E - 3 potions of resistance
 F - a potion of haste {unknown}
 H - a potion of attraction
 J - a potion of brilliance
Miscellaneous
 G - a piece from Xom's chessboard (15/15)


   Skills:
 - Level 2.0 Fighting
 * Level 10.6 Maces & Flails
 + Level 10.5 Throwing
 + Level 9.2 Dodging
 - Level 0.3 Stealth


You had 10 spell levels left.
You didn't know any spells.
Your spell library contained the following spells:

 Spells                   Type           Power      Damage    Failure   Level
 Magic Dart               Conj           0%         1d3       43%         1
 Summon Small Mammal      Summ           0%         N/A       43%         1
 Call Imp                 Summ           0%         N/A       56%         2
 Sublimation of Blood     Necr           0%         N/A       56%         2
 Call Canine Familiar     Summ           0%         N/A       80%         3
 Conjure Flame            Conj/Fire      0%         6-21      80%         3
 Gell's Gravitas          Tloc           0%         N/A       80%         3
 Ignite Poison            Fire/Tmut/Pois 0%         N/A       80%         3
 Lesser Beckoning         Tloc           0%         N/A       80%         3
 Mephitic Cloud           Conj/Pois/Air  0%         N/A       80%         3
 Summon Guardian Golem    Hex/Summ       0%         N/A       80%         3
 Teleport Other           Tloc           0%         N/A       80%         3
 Tukima's Dance           Hex            0%         N/A       80%         3
 Anguish                  Hex/Necr       0%         N/A       99%         4
 Petrify                  Tmut/Erth      0%         N/A       99%         4
 Sticky Flame             Conj/Fire      0%         2d3       99%         4
 Irradiate                Conj/Tmut      0%         3d14      100%        5
 Enfeeble                 Hex            0%         N/A       100%        7


Dungeon Overview and Level Annotations

Branches:
Dungeon (9/15)             Temple (1/1) D:5             Orc (2/2) D:9
    Elf (0/3) Orc:2       Ossuary (visited)
   Lair: D:8-11

Altars:
Ashenzari
Cheibriados
Dithmenos
Elyvilon
Fedhas
Gozag
Hepliaklqana
Kikubaaqudgha
Makhleb
Nemelex Xobeh
Okawaru
Qazlal
Ru
Sif Muna
Trog
Uskayaw
Vehumet
Wu Jian
Xom
Yredelemnul
Zin
The Shining One
Beogh

Shops:
D:1 !   D:9 ?


Innate Abilities, Weirdness & Mutations

You are too large for most types of armour.
You have claws for hands.
Your natural rate of healing is unusually fast.
You are covered in fur. (AC +1)
You have tough skin. (AC +1)
You are clumsy. (Dex -2)


Message History

Items here: ))))) [[.
You start resting.
Magic restored.
You now have 1517 gold pieces (gained 3).
Items here: ))) [[[.
There is a stone staircase leading down, spattered with blood here.
You climb downwards.
The orc warlord shoots a bolt.
The bolt hits you!!
There is a stone staircase leading up, spattered with blood here.
The orc warlord unwields a +0 arbalest.
The orc warlord wields a +1 vampiric great sword.
The orc warlord hits you with a +1 vampiric great sword!!
You climb upwards.
There is a stone staircase leading down, spattered with blood here.
As you read the scroll of fear, it crumbles to dust.
You assume a fearsome visage.
The orc warlord looks frightened!
The orc looks frightened!
The orc warlord enters a dispersal trap!
The orc blinks! x2; You blink.
The orc warlord blinks!
You don't know any spells.
You feel very mighty all of a sudden.
You are too injured to fight recklessly!
Throw: 3 large rocks
Press: ? - help, Q - select action, (/) - cycle Shift-Dir - straight line, f - orc
Aim: an orc, wielding a +0 hand axe and wearing a +0 leather armour (fleeing, 64% to hit)
You throw a large rock. The large rock hits the orc!!
You kill the orc!
The orc warlord seems to regain its courage.
The orc warlord unwields a +1 vampiric great sword.
The orc warlord wields a +0 arbalest.
The orc warlord shoots a bolt.
The bolt closely misses you.
Throw: 2 large rocks
Press: ? - help, Q - select action, (/) - cycle Shift-Dir - straight line, f - orc warlord
Aim: an orc warlord, wielding a +0 arbalest, wearing a +2 chain mail of cold resistance and quivering bolts (71% to hit)
You throw a large rock. The large rock hits the orc warlord.
The orc warlord is lightly wounded.
The orc warlord shoots a bolt.
The bolt hits you!!
* * * LOW HITPOINT WARNING * * *
The orc warlord shoots a bolt.
The bolt hits you!!
You die...
Your body crumbles into a pile of gold.

##..)...####......
###)[....###.#...
#.##......#####..
###....#....### #.#
##>#...##....#.# #.#
##)[#.)#.##.....#####
#..^.[.####......#
##...)[..##...#..#
##.@....##...#######
##.....$...## ##..
###.......# ##..#
##[......####....
#.#....o..##.....
#####..............
#.##...#...........
##....####.......#.
##....#####.....####


You could see an orc warlord.

Vanquished Creatures
  Pikel (D:7)
  A deep elf pyromancer (Orc:1)
  5 orc sorcerers
  A cyclops (Orc:1)
  A troll (D:9)
  2 wyverns
  11 yaks (D:9)
  3 vampire mosquitoes (D:8)
  5 wargs
  An acid dragon (D:6)
  A water moccasin (D:5)
  A swamp drake (Orc:1)
  18 orc warriors
  2 sky beasts (D:7)
  2 black bears (D:5)
  2 necrophages
  An ice beast (D:5)
  11 ogres
  4 centaurs (D:6)
  A lemure (D:7)
  A phantom (D:6)
  Blork the orc (D:4)
  2 kobold brigands
  A bullfrog (D:6)
  2 gnoll sergeants
  A wyvern zombie (D:9)
  3 scorpions
  A water moccasin zombie (D:6)
  9 killer bees (D:9)
  A howler monkey (D:5)
  A crimson imp (Orc:1)
  A bullfrog zombie (D:6)
  A centaur zombie (D:8)
  14 orc priests
  A human zombie (Ossuary)
  An iron imp (Orc:1)
  3 jellies
  Crazy Yiuf (D:4)
  A hound (D:4)
  Ijyb (D:3)
  5 iguanas
  15 orc wizards
  3 mummies (Ossuary)
  A howler monkey zombie (D:5)
  6 adders
  A howler monkey skeleton (D:4)
  10 gnolls
  2 shadow imps
  A white imp (Orc:1)
  An ufetubus (D:6)
  An adder skeleton (D:4)
  A worm (D:2)
  2 dart slugs
  71 orcs
  14 ball pythons
  4 bats
  3 endoplasms
  2 giant cockroaches (D:2)
  17 goblins
  5 hobgoblins
  7 jackals
  15 kobolds
  6 quokkas
  A gnoll zombie (Ossuary)
  2 goblin zombies (Ossuary)
  A hobgoblin zombie (Ossuary)
  A jackal zombie (D:8)
  3 orc zombies (Ossuary)
  5 rats
  A rat zombie (D:8)
328 creatures vanquished.

Vanquished Creatures (others)
  A deep elf zephyrmancer (Orc:1)
1 creature vanquished.

Grand Total: 329 creatures vanquished

Notes
Turn   | Place    | Note
-------+----------+-------------------------------------------
     0 | D:1      | Jerry the Troll Hunter began the quest for the Orb.
     0 | D:1      | Reached XP level 1. HP: 19/19 MP: 0/0
   273 | D:1      | Reached XP level 2. HP: 28/28 MP: 1/1
   297 | D:1      | Found Sellyk's Distillery.
   436 | D:1      | Found a faded altar of an unknown god.
   985 | D:2      | Reached XP level 3. HP: 33/35 MP: 2/2
  1456 | D:2      | Reached skill level 1 in Maces & Flails
  1633 | D:3      | Noticed Ijyb
  1639 | D:3      | Killed Ijyb
  1640 | D:3      | Reached XP level 4. HP: 42/42 MP: 3/3
  2233 | D:3      | Found a faded altar of an unknown god.
  2233 | D:3      | Found a faded altar of an unknown god.
  2235 | D:3      | Found a hazy altar of Hepliaklqana.
  2423 | D:4      | Noticed Blork the orc
  2430 | D:4      | Killed Blork the orc
  2431 | D:4      | Reached XP level 5. HP: 49/49 MP: 4/4
  2462 | D:4      | Identified the +1 short sword of Beastly Exoneration
                  | {speed, +Blink}
  2597 | D:4      | Noticed an ogre
  2701 | D:4      | Killed an ogre
  2702 | D:4      | Reached XP level 6. HP: 56/57 MP: 5/5
  2865 | D:3      | Reached skill level 5 in Throwing
  3225 | D:4      | Found a runed translucent door.
  3226 | D:4      | Noticed Crazy Yiuf
  3242 | D:4      | Killed Crazy Yiuf
  3576 | D:5      | Entered Level 5 of the Dungeon
  3616 | D:5      | Noticed a water moccasin
  3618 | D:5      | Killed a water moccasin
  3619 | D:5      | Reached XP level 7. HP: 65/65 MP: 6/6
  3768 | D:5      | Found a staircase to the Ecumenical Temple.
  4351 | Temple   | Entered the Ecumenical Temple
  4717 | Temple   | Became a worshipper of Gozag Ym Sagoz the Greedy
  4824 | D:5      | Gained mutation: You are clumsy. (Dex -2) [potion of
                  | mutation]
  4992 | D:6      | Reached XP level 8. HP: 72/72 MP: 7/7
  5018 | D:6      | Identified the +1 helmet of Gluttony {Harm *Corrode Str+4}
  5133 | D:6      | Reached skill level 5 in Dodging
  5159 | D:6      | Reached skill level 5 in Maces & Flails
  5700 | D:5      | Reached XP level 9. HP: 67/79 MP: 8/8
  6684 | D:7      | Noticed Pikel
  6715 | D:7      | Killed Pikel
  7238 | D:8      | Found a sand-covered staircase.
  7249 | Ossuary  | Entered an ossuary
  7684 | D:8      | Found an ancient bone altar of Kikubaaqudgha.
  7739 | D:8      | Reached XP level 10. HP: 80/87 MP: 9/9
  8808 | D:9      | Found a staircase to the Orcish Mines.
  9359 | D:9      | Bought a scroll of enchant weapon for 112 gold pieces
  9359 | D:9      | Bought a scroll of teleportation for 45 gold pieces
  9361 | D:9      | Identified a scroll of acquirement
  9361 | D:9      | Acquired a +2 great mace of protection
  9415 | Orc:1    | Entered Level 1 of the Orcish Mines
  9643 | Orc:1    | Noticed a cyclops
  9741 | Orc:1    | Killed a cyclops
  9742 | Orc:1    | Reached XP level 11. HP: 93/93 MP: 10/10
 10138 | Orc:1    | Noticed a deep elf pyromancer
 10141 | Orc:1    | Killed a deep elf pyromancer
 10151 | Orc:1    | Noticed a deep elf zephyrmancer
 10165 | Orc:1    | Killed a deep elf zephyrmancer
 10166 | Orc:1    | Reached skill level 10 in Throwing
 10275 | Orc:1    | Noticed an orc sorcerer
 10281 | Orc:1    | Killed an orc sorcerer
 10418 | Orc:2    | Entered Level 2 of the Orcish Mines
 10557 | Orc:2    | Noticed an orc sorcerer
 10566 | Orc:2    | Killed an orc sorcerer
 10782 | Orc:2    | Reached skill level 10 in Maces & Flails
 10820 | Orc:2    | Noticed an orc sorcerer
 10821 | Orc:2    | Paralysed by an orc sorcerer for 6 turns
 10827 | Orc:2    | Killed an orc sorcerer
 10972 | Orc:2    | Found a staircase to the Elven Halls.
 11041 | Orc:2    | Noticed an orc sorcerer
 11041 | Orc:2    | Noticed an orc sorcerer
 11042 | Orc:2    | Noticed a soul eater
 11056 | Orc:2    | Killed an orc sorcerer
 11058 | Orc:2    | Noticed a sixfirhy
 11058 | Orc:2    | Killed an orc sorcerer
 11310 | Orc:2    | Noticed an orc warlord
 11481 | Orc:1    | Shot with a bolt by an orc warlord

Illustrated notes

Levels and vault maps discovered:
D:1:      lemuel_arrival_rhombus, layout_basic, serial_shops,
          nicolae_shop_stone, hellmonk_ecumenical_altar_dog_temple,
          minmay_misc_feat_nine_boxes, roderic_roman_lattice,
          minmay_misc_feat_square
D:2:      layout_basic, st_stairs_9, minmay_misc_feat_doors,
          supply_closet_lemuel
D:3:      layout_basic, nicolae_hepliaklqana_ecumenical_no_more,
          chequers_serial_rivers_room_b, glass_columns_b, uniq_ijyb
D:4:      layout_gridville, grunt_decor_arrowhead, minmay_ogre_servants,
          uniq_blork_the_orc, uniq_crazy_yiuf_cottage
D:5:      layout_basic, minmay_temple_entry_wispy, minmay_misc_feat_ornament,
          hellmonk_bongcloud_opening
D:6:      layout_basic, grunt_decor_fettered, chequers_avenue,
          minmay_liquid_box, minmay_alternating_orb
D:7:      layout_basic, hangedman_decor_diamond_cutter, uniq_pikel
D:8:      layout_gridville, enter_bailey_4, enter_ossuary_3,
          chequers_mini_garden, hangedman_decor_clover_reticule,
          kennysheep_flooded_box, minmay_misc_feat_room
D:9:      layout_roguey, orc_0_dummy
Temple:   mainiacjoe_temple_circle_huts
Orc:1:    layout_diamond_mine, basic_altar, hangedman_minor_magic
Orc:2:    pubby_orc_utopia

Skill      XL: |  1  2  3  4  5  6  7  8  9 10 11 |
---------------+----------------------------------+-----
Fighting       | 2 |  2.0
Dodging        | 2 3 4 5 7 8 9 |  9.2
Throwing       | 4 5 6 7 8 9 10 | 10.5
Maces & Flails | 1 2 3 4 5 7 9 10 | 10.6
Stealth        | |  0.3

Action                   |  1- 3 |  4- 6 |  7- 9 | 10-12 || total
-------------------------+-------+-------+-------+-------++-------
Melee: Short sword       |    80 |       |       |       ||    80
       Whip              |   128 |   144 |       |       ||   272
       Punch             |     3 |     2 |     1 |     3 ||     9
       Flail             |       |    38 |   193 |   211 ||   442
       Quarterstaff      |       |     7 |   136 |       ||   143
       Great mace        |       |       |       |   301 ||   301
Throw: Large rock        |     4 |     8 |    62 |   112 ||   186
       Throwing net      |       |       |       |     7 ||     7
Invok: Call Merchant     |       |       |       |     1 ||     1
  Use: Scroll            |       |       |    17 |     5 ||    22
       Potion            |       |       |     5 |     2 ||     7
 Stab: Sleeping          |     1 |       |       |       ||     1
       Distracted        |       |       |     1 |     3 ||     4
Armor: Robe              |    97 |    47 |   195 |   215 ||   554
Dodge: Dodged            |   136 |   106 |   222 |   498 ||   962
